 Dungeon Crawl Stone Soup version 0.31-a0-1074-g0b22e4e0f1 (webtiles) character file.

Game seed: 16472845983345933057

622 monsoonserge the Changeling (level 7, -13/72 HPs)
             Began as an Octopode Shapeshifter on Nov 30, 2023.
             Mangled by an ogre
             ... wielding a +0 giant club
              (18 damage)
             ... on level 5 of the Dungeon.
             The game lasted 00:12:26 (2966 turns).

monsoonserge the Changeling (Octopode Shapeshifter) Turns: 2966, Time: 00:12:26

Health: -13/72     AC: 23    Str: 15    XL:     7   Next: 46%
Magic:  7/7        EV:  2    Int: 12    God:
Gold:   506        SH:  4    Dex: 12    Spells: 6/6 levels left

rFire   . .          .
                       - Unarmed
rCold   . . .        i - +0 buckler
rNeg    . . .        (helmet currently unavailable)
rPois   +            m - amulet of magic regeneration
rElec   .            d - ring of poison resistance
rCorr   .            j - ring of see invisible
SInv    +            (no ring)
Will    .....        (no ring)
Stlth   ++           (no ring)
HPRegen 0.32/turn    (no ring)
MPRegen 0.50/turn    (no ring)
                     (no ring)

%: no passive effects
@: tree-form
A: stationary, stasis, torment immunity, boosted hp, almost no armour,
(amphibious), 8 rings, (camouflage 1), (gelatinous body 1), (nimble swimmer 1),
(tentacles)
a: no special abilities


You were on level 5 of the Dungeon.
You were a tree.
You visited 1 branch of the dungeon, and saw 5 of its levels.
You also visited: Ossuary.

You collected 506 gold pieces.

Inventory:

Hand Weapons
 a - a +2 heavy sling
 t - a +1 war axe of flaming
Missiles
 k - 6 javelins (quivered)
Armour
 i - a +0 buckler (worn)
Jewellery
 d - a ring of poison resistance (left branch)
 j - a ring of see invisible (right branch)
 m - an amulet of magic regeneration (around neck)
Talismans
 b - a beast talisman
 c - a flux talisman
Wands
 o - a wand of mindburst (19)
Scrolls
 e - 3 scrolls of teleportation
 g - a scroll of silence {unknown}
 l - a scroll of amnesia {unknown}
 p - a scroll of revelation {unknown}
 q - 4 scrolls of identify {unknown}
 r - a scroll of fog {unknown}
 x - 2 scrolls of poison {unknown}
Potions
 f - 2 potions of heal wounds {unknown}
 n - 3 potions of might {unknown}
 s - a potion of berserk rage {unknown}
 u - 3 potions of curing {unknown}
 v - a potion of brilliance {unknown}
 w - 2 potions of haste {unknown}
 z - a potion of cancellation {unknown}


   Skills:
 + Level 4.1 Fighting
 + Level 3.3 Ranged Weapons
 + Level 2.4 Dodging
 - Level 1.0 Stealth
 + Level 0.6 Shields
 - Level 4.3 Unarmed Combat
 * Level 4.6 Shapeshifting


You had 6 spell levels left.
You didn't know any spells.
Your spell library contained the following spells:

 Spells                   Type           Power      Damage    Failure   Level
 Blink                    Tloc           0%         N/A       56%         2
 Lesser Beckoning         Tloc           0%         N/A       56%         2
 Momentum Strike          Conj/Tloc      0%         3d8       56%         2


Dungeon Overview and Level Annotations

Branches:
Dungeon (5/15)            Ossuary (visited)
 Temple: D:4-7

Altars:

Annotations:
D:4 Sigmund


Innate Abilities, Weirdness & Mutations

You are a tree.
Your roots penetrate the ground, keeping you stationary.
You cannot be teleported.
You are immune to unholy pain and torment.
Your maximum health is greatly increased.
You cannot wear most types of armour.
((You are amphibious.))
You can wear up to eight rings at the same time.
((Your skin changes colour to match your surroundings (Stealth+).))
((Your rubbery body absorbs attacks. (AC +1, EV +1)))
((You are camouflaged when in or above water. (Stealth+)))
((You have tentacles for arms and can constrict up to eight enemies at once.))


Message History

You squeeze the gnoll sergeant, but do no damage.
The gnoll sergeant is moderately wounded.
You constrict the gnoll sergeant.
The gnoll sergeant hits you with a +0 spear.
You tentacle-slap the gnoll sergeant but do no damage.
The gnoll sergeant is heavily wounded.
You constrict the gnoll sergeant. The gnoll sergeant misses you.
You tentacle-slap the gnoll sergeant.
The gnoll sergeant is heavily wounded.
You constrict the gnoll sergeant.
The gnoll sergeant hits you with a +0 spear.
* * * LOW HITPOINT WARNING * * *
Unknown command.
You tentacle-slap the gnoll sergeant but do no damage.
The gnoll sergeant is severely wounded.
You constrict the gnoll sergeant.
The gnoll sergeant hits you with a +0 spear!
* * * LOW HITPOINT WARNING * * *
Unknown command.
Okay, then.
Your transformation has ended.
You turn into a tree.
Your roots penetrate the ground.
You lose your grip on the gnoll sergeant.
The gnoll sergeant hits you with a +0 spear.
* * * LOW HITPOINT WARNING * * *
You closely miss the gnoll sergeant.
The gnoll sergeant is severely wounded.
The gnoll sergeant hits you but does no damage.
You barely miss the gnoll sergeant.
The gnoll sergeant is severely wounded.
The gnoll sergeant hits you with a +0 spear.
* * * LOW HITPOINT WARNING * * *
You hit the gnoll sergeant.
You kill the gnoll sergeant!
Your Fighting skill increases to level 4!
You hit the ogre but do no damage. The ogre hits you but does no damage.
You smack the ogre!
You punch the ogre.
The ogre is severely wounded.
The ogre hits you with a +0 giant club!!
You die...

#.....## #### #.####.#
##..### #.# #.#####.....#
##.## ##.##........
##...## #...........
##..#..####..........
#..###...##(.........
#.##.##$##..............
#....'♣#...............
#..#.##O##.#............
#..####...####...........
#.# ..%... ##..........
... ##...####...........
.## ##.## #............
#.# ...##......... #!#
.## #......... ##........


You could see an ogre.

Vanquished Creatures
  A black bear (D:5)
  An ogre (D:5)
  A gnoll sergeant (D:5)
  2 hounds (D:4)
  An orc priest (D:4)
  An iguana (D:4)
  An orc wizard (D:4)
  8 mummies (Ossuary)
  Robin (D:2)
  4 gnolls (D:3)
  2 adders (D:2)
  A worm (D:2)
  4 dart slugs
  An orc (D:4)
  4 ball pythons
  6 bats
  7 endoplasms
  6 giant cockroaches
  A gnoll zombie (Ossuary)
  8 goblins (D:2)
  10 hobgoblins
  2 quokkas
  4 frilled lizards
  3 hobgoblin zombies (Ossuary)
  4 kobolds
  A kobold zombie (Ossuary)
  3 orc zombies (Ossuary)
  3 rats
91 creatures vanquished.

Notes
Turn   | Place    | Note
-------+----------+-------------------------------------------
     0 | D:1      | monsoonserge the Octopode Shapeshifter began the quest for
                  | the Orb.
     0 | D:1      | Reached XP level 1. HP: 13/13 MP: 1/1
   310 | D:1      | Reached XP level 2. HP: 12/18 MP: 2/2
   398 | D:1      | Found a faded altar of an unknown god.
   897 | D:2      | Reached XP level 3. HP: 22/23 MP: 3/3
   907 | D:2      | Noticed Robin
   914 | D:2      | Killed Robin
   946 | D:2      | Reached skill level 1 in Stealth
   979 | D:2      | Reached XP level 4. HP: 28/28 MP: 4/4
  1297 | D:2      | Reached skill level 1 in Ranged Weapons
  1632 | D:3      | Reached XP level 5. HP: 33/33 MP: 5/5
  2114 | D:4      | Noticed Sigmund
  2206 | D:4      | Found a sand-covered staircase.
  2227 | D:4      | Reached XP level 6. HP: 26/38 MP: 6/6
  2265 | Ossuary  | Entered an ossuary
  2806 | D:4      | Noticed a black bear
  2829 | D:5      | Entered Level 5 of the Dungeon
  2888 | D:5      | Noticed a black bear
  2891 | D:5      | Killed a black bear
  2892 | D:5      | Reached XP level 7. HP: 46/46 MP: 7/7
  2966 | D:5      | Mangled by an ogre

Illustrated notes

Levels and vault maps discovered:
D:1:      minmay_arrival_wavy_path, layout_basic,
          chequers_ecumenical_altar_island
D:2:      layout_rooms, minmay_hedge_maze, corner_web_ring, st_stairs_6,
          minmay_indecisive_spiral, uniq_robin
D:3:      layout_basic, serial_rivers, chequers_serial_rivers_room_a,
          chequers_serial_rivers_micro_c, chequers_serial_rivers_micro_a,
          chequers_serial_rivers_small_b
D:4:      layout_layer_cave, nicolae_ossuary_entry_ruins,
          kennysheep_small_square, uniq_sigmund
D:5:      layout_cave_pods, mainiacjoe_overflow_catwalk_spiral,
          serial_column_ruins, column_ruins_grid_1, column_ruins_open_small,
          column_ruins_grid_1, column_ruins_open_tiny, column_ruins_grid_1,
          minmay_fractal_squares_gapless_5

Skill      XL: |  1  2  3  4  5  6  7 |
---------------+----------------------+-----
Stealth        | 1 |  1.0
Shapeshifting  | 4 |  4.6
Ranged Weapons | 1 2 3 |  3.3
Unarmed Combat | 4 |  4.3
Fighting       | 3 4 |  4.1
Dodging        | |  2.4
Shields        | |  0.6

Action                     |  1- 3 |  4- 6 |  7- 9 || total
---------------------------+-------+-------+-------++-------
  Melee: Unarmed           |    33 |    64 |    11 ||   108
         Constrict         |     5 |    25 |     1 ||    31
         Tentacles         |     2 |    17 |     2 ||    21
         Punch             |     1 |     2 |     1 ||     4
   Fire: Sling             |    17 |    73 |     4 ||    94
  Throw: Javelin           |       |     2 |       ||     2
  Evoke: Wand              |       |     1 |       ||     1
    Use: Scroll            |       |     1 |       ||     1
         Potion            |       |       |     1 ||     1
   Stab: Sleeping          |     5 |       |       ||     5
 Armour: Skin              |    10 |    31 |    11 ||    52
  Dodge: Dodged            |    19 |    36 |     3 ||    58
  Block: Buckler           |     4 |     7 |       ||    11

Table legend: (Time is in decaauts)
 A = Elapsed time spent in this place.
 B = Non-inter-level travel time spent in this place.
 C = Inter-level travel time spent in this place.
 D = Time resting spent in this place.
 E = Time spent auto-exploring this place.
 F = Levels seen in this place.
 G = Mean time per level.
                   A        B        C        D        E       F      G
               +--------+--------+--------+--------+--------+-----+--------+
         Total |   3037 |   2842 |    195 |    394 |   1320 |   6 |  506.2 |
       Dungeon |   2674 |   2479 |    195 |    278 |   1297 |   5 |  534.8 |
       Ossuary |    362 |    362 |      0 |    116 |     23 |   1 |  362.0 |
               +--------+--------+--------+--------+--------+-----+--------+

Top non-repeatable levels by time:
     D:1: 896 daAuts
     D:3: 778 daAuts
     D:2: 541 daAuts
 Ossuary: 362 daAuts
     D:4: 316 daAuts
     D:5: 142 daAuts
